Map: [TLMC19] Ghost River

Players

LiquidCure (Cure)

  • Race: Terran Terran
  • Spawn Location: 1:00

Spirit (souL) - Winner!

  • Race: Terran Terran
  • Spawn Location: 11:00

VOD

Have the link to the VOD?

Description

Time

  • Played on: Dec. 23, 2023, 6:26 a.m.
  • Length: 9:37
Show
View Real Time Build Order
Export as new Build Order

LiquidCure Terran 

Build Orders: Cyclone Opening 

Get SALT Encoding   

  12  0:00  SCV  
  13  0:12  SCV  
  14  0:17  Supply Depot  
  14  0:24  SCV  
  15  0:38  SCV  
  15  0:39  Barracks  
  16  0:43  Refinery  
  16  0:50  SCV  
  16  0:53  Refinery  
  17  1:02  SCV  
  18  1:14  SCV  
  19  1:26  Reaper  
  19  1:27  Orbital Command  
  19  1:31  Supply Depot  
  20  1:43  Factory  
  20  1:52  SCV  
  21  1:59  Reaper  
  22  2:04  SCV  
  23  2:17  SCV  
  24  2:26  Command Center  
  24  2:29  SCV  
  24  2:30  Hellion  
  26  2:38  Starport  
  26  2:42  SCV  
  27  2:45  Barracks Reactor  
  27  2:54  SCV  
  27  2:57  Cyclone  
  30  3:01  Supply Depot  
  30  3:06  SCV  
  31  3:22  SCV, Medivac  
  31  3:24  Refinery  
  34  3:29  Marine x2  
  35  3:35  SCV, Cyclone  
  38  3:41  Orbital Command  
  38  3:47  SCV  
  36  3:52  Liberator  
  39  3:59  SCV  
  39  4:02  Barracks Tech Lab  
  40  4:10  SCV  
  40  4:16  Cyclone x2  
  45  4:19  SCV  
  45  4:22  SCV  
  47  4:24  Supply Depot  
  47  4:31  SCV  
  47  4:32  Barracks Tech Lab  
  47  4:34  SCV  
  51  4:45  Raven  
  51  4:47  SCV  
  51  4:48  SCV  
  51  4:50  Command Center  
  53  4:54  Cyclone  
  53  4:55  Cyclone  
  57  5:00  Supply Depot  
  57  5:04  SCV x2  
  55  5:11  Interference Matrix, Marine  
  53  5:16  SCV x2  
  53  5:21  Raven  
  57  5:27  Cyclone x2  
  61  5:28  SCV x2  
  63  5:38  Barracks  
  63  5:39  Marine  
  63  5:40  SCV, Stimpack  
  63  5:41  SCV  
  66  5:43  Barracks  
  66  5:53  SCV x2  
  66  5:57  Marine  
  66  5:58  Raven  
  66  6:02  Supply Depot, Cyclone x2  
  66  6:03  Refinery  
  73  6:05  Orbital Command  
  73  6:08  SCV x2  
  75  6:15  Marine  
  76  6:20  Engineering Bay x2  
  76  6:25  SCV x2  
  76  6:27  Orbital Command, Barracks Reactor  
  78  6:35  Barracks  
  78  6:36  Barracks  
  78  6:37  SCV  
  78  6:38  SCV, Marine  
  78  6:39  Marine x2  
  82  6:42  Starport Reactor  
  83  6:47  Supply Depot, Terran Infantry Weapons Level 1, Terran Infantry Armor Level 1  
  83  6:50  SCV x2  
  83  6:53  Siege Tank  
  88  6:55  SCV  
  88  7:00  Marine x3  
  92  7:02  SCV  
  93  7:09  SCV  
  93  7:15  SCV x2  
  91  7:18  Marine  
  91  7:19  Marine x4  
  91  7:20  Medivac x2  
  91  7:22  SCV  
  93  7:27  SCV x2  
  86  7:30  Barracks Reactor  
  86  7:31  Barracks Reactor  
  86  7:33  Combat Shield, Siege Tank  
  86  7:35  SCV  
  86  7:36  Marine, Refinery x2  
  91  7:38  Marine x4  
  91  7:39  SCV x2  
  97  7:47  Missile Turret  
  97  7:49  SCV  
  98  7:51  SCV x2  
  98  7:52  Armory  
  98  7:54  Supply Depot  
  98  7:55  Supply Depot  
  98  7:57  Marine  
  101  8:08  Supply Depot  
  101  8:15  Marine x5  
  101  8:16  Supply Depot, Siege Tank  
  101  8:17  Marine x4, Medivac x2  
  101  8:19  Supply Depot  
  117  8:27  Sensor Tower  
  117  8:30  SCV x3  
  117  8:33  Marine x3  
  117  8:34  Marine x6  
  112  8:48  Siege Tank  
  107  8:51  Marine x3  
  107  8:52  Marine x3  
  113  8:59  Marine x3  
  113  9:01  Viking x2  
  120  9:09  Marine x5  
  122  9:10  Marine  
  117  9:17  Marine x3  
  117  9:18  SCV x3  
Show
View Real Time Build Order
Export as new Build Order

Spirit Terran - Winner!

Build Orders: Reaper Expand 

Get SALT Encoding   

  12  0:00  SCV  
  13  0:12  SCV  
  14  0:17  Supply Depot  
  14  0:25  SCV  
  15  0:39  SCV  
  15  0:40  Barracks  
  16  0:44  Refinery  
  16  0:51  SCV  
  17  1:03  SCV  
  18  1:15  SCV  
  19  1:28  Reaper  
  19  1:29  Orbital Command  
  20  1:39  Command Center  
  20  1:54  Supply Depot  
  20  1:55  SCV  
  20  2:00  Marine  
  22  2:05  Factory  
  22  2:07  SCV  
  23  2:12  Refinery  
  23  2:18  Marine  
  23  2:19  SCV  
  25  2:31  SCV  
  25  2:36  Marine  
  27  2:43  SCV  
  28  2:49  Hellion  
  30  2:54  Orbital Command  
  30  2:56  SCV  
  30  2:58  Starport  
  30  3:00  Refinery  
  30  3:01  Barracks Reactor  
  30  3:08  SCV  
  30  3:12  Cyclone  
  32  3:20  SCV  
  32  3:22  SCV  
  33  3:33  SCV  
  31  3:34  SCV  
  31  3:45  SCV  
  33  3:48  Medivac  
  33  3:55  Cyclone x2  
  38  3:59  SCV  
  38  4:01  SCV  
  40  4:05  Supply Depot, Barracks Tech Lab  
  40  4:11  SCV  
  40  4:13  SCV  
  40  4:16  Command Center  
  42  4:23  SCV  
  43  4:26  SCV  
  43  4:31  Raven  
  46  4:32  Interference Matrix  
  46  4:35  SCV  
  46  4:38  SCV  
  47  4:41  Cyclone x2  
  51  4:45  Barracks Tech Lab  
  51  4:48  SCV  
  51  4:50  SCV  
  51  4:51  Supply Depot  
  52  5:00  SCV  
  52  5:02  SCV  
  48  5:08  Raven  
  48  5:12  SCV  
  51  5:14  SCV  
  51  5:16  Cyclone  
  51  5:19  Stimpack  
  54  5:29  Marine  
  54  5:30  SCV x2, Cyclone  
  54  5:31  Refinery  
  54  5:32  Supply Depot  
  54  5:33  Supply Depot  
  59  5:42  Raven, SCV x2  
  63  5:47  Marine  
  64  5:54  SCV x2, Barracks  
  64  5:56  Supply Depot, Barracks  
  66  5:59  Cyclone  
  66  6:02  Cyclone  
  70  6:04  Orbital Command  
  70  6:06  SCV x2  
  72  6:17  Engineering Bay x2  
  72  6:18  SCV x2  
  74  6:26  Starport Reactor  
  74  6:30  SCV x2  
  74  6:32  SCV  
  77  6:39  Barracks  
  77  6:41  Barracks  
  77  6:42  SCV x2  
  77  6:44  SCV  
  77  6:45  Supply Depot  
  77  6:46  Siege Tank, Barracks Reactor  
  83  6:48  Terran Infantry Weapons Level 1  
  83  6:49  Terran Infantry Armor Level 1  
  83  6:54  SCV x2  
  83  6:56  SCV  
  83  6:57  Marine x3  
  83  7:01  Supply Depot  
  89  7:02  Combat Shield  
  89  7:06  SCV x2  
  89  7:08  SCV  
  92  7:14  Marine  
  92  7:15  Marine  
  90  7:18  Siege Tank, Marine  
  90  7:19  SCV  
  90  7:21  SCV  
  93  7:23  Marine x2  
  93  7:24  SCV  
  93  7:29  Barracks Reactor  
  93  7:30  Barracks Reactor  
  93  7:31  SCV  
  93  7:32  Marine x2  
  93  7:33  SCV, Medivac x2  
  93  7:36  SCV, Marine  
  102  7:41  Supply Depot, Marine x2  
  102  7:42  Supply Depot  
  102  7:43  SCV  
  105  7:47  SCV  
  105  7:50  Marine x2  
  105  7:51  Siege Tank, Armory, SCV  
  111  7:54  Marine  
  111  7:56  SCV  
  114  7:58  Marine  
  114  7:59  SCV, Marine  
  114  8:03  Liberator  
  120  8:06  Marine x2  
  120  8:07  Refinery x2  
  120  8:08  Marine x2  
  120  8:10  Marine  
  127  8:13  Liberator  
  127  8:15  Marine x2  
  132  8:20  Marine  
  132  8:22  Marine  
  132  8:23  Sensor Tower  
  132  8:24  Supply Depot, Marine  
  132  8:25  Supply Depot  
  132  8:26  Marine  
  134  8:32  Marine x4  
  134  8:33  Marine  
  125  8:38  Marine  
  125  8:40  Marine  
  112  8:42  Marine  
  112  8:43  Siege Tank  
  112  8:44  Marine  
  112  8:46  Medivac  
  119  8:50  Marine x4  
  119  8:51  Marine  
  124  8:56  Marine, Medivac  
  124  8:58  Marine  
  124  8:59  Marine  
  124  9:02  Marine  
  130  9:08  Marine x5  
  135  9:13  Marine  
  135  9:15  Marine  
  127  9:17  Marine  
Tags
 
Add a new tag
Caveats
  • Supply blocks, unpowered buildings, or Contaminate may cause inaccurate times.
  • Supply counts are checked every 10 seconds.